 Dungeon Crawl Stone Soup version 0.18-a0-884-gb6cfd45 (webtiles) character file.

2373 Raultor the Changer (level 9, -8/74 HPs)
             Began as a Black Draconian Transmuter on Dec 22, 2015.
             Was a Follower of Ashenzari.
             Mangled by a troll (13 damage)
             ... on level 8 of the Dungeon.
             The game lasted 00:25:29 (9516 turns).

Raultor the Changer (Black Draconian Transmuter)    Turns: 9516, Time: 00:25:30

Health: -8/74      AC:  9    Str: 12    XL:     9   Next: 21%
Magic:  0/12       EV: 15    Int: 18    God:    Ashenzari [*.....]
Gold:   481        SH:  0    Dex: 18    Spells: 3 memorised, 4 levels left

rFire  . . .     SeeInvis .       - Unarmed
rCold  . . .     Gourm    .     (armour unavailable)
rNeg   . . .     Faith    .     (no shield)
rPois  .         Spirit   +     (helmet restricted)
rElec  +         Dismiss  .     D - +0 cloak
rCorr  .         Reflect  .     (no gloves)
SustAt .         Harm     .     u - +0 pair of boots
MR     .....                    j - amulet of guardian spirit {Spirit}
Stlth  ++........               p - +3 ring of dexterity
                                o - +4 ring of intelligence

@: appendage, not resistant to hostile enchantments, unstealthy
A: breathe lightning, unfitting armour, horns 2, electricity resistance,
cold-blooded, AC +7
a: Breathe Lightning, End Transformation, Scrying, Renounce Religion


You were on level 8 of the Dungeon.
You worshipped Ashenzari.
Ashenzari was aware of your devotion.
You were not hungry.
You had grown temporary horns.
You visited 1 branch of the dungeon, and saw 9 of its levels.

You collected 481 gold pieces.

Inventory:

Missiles
 a - 73 arrows
 m - 2 throwing nets {=f, !d}
Armour
 u - a +0 pair of boots (worn)
   (You found it on level 3 of the Dungeon)
 D - a +0 cloak (worn)
   (You took it off Crazy Yiuf on level 4 of the Dungeon)
Jewellery
 f - an uncursed ring of fire {rF+, rC-}
   (You found it on level 1 of the Dungeon)
 j - an amulet of guardian spirit (around neck) {Spirit}
   (You found it on level 1 of the Dungeon)
 o - a +4 ring of intelligence (left hand)
   (You found it on level 3 of the Dungeon)
 p - a +3 ring of dexterity (right hand)
   (You found it on level 2 of the Dungeon)
 v - an uncursed ring of flight {+Fly, !d}
   (You found it on level 3 of the Dungeon)
Wands
 H - a wand of teleportation (6/9)
   (You took it off Blork the orc on level 6 of the Dungeon)
Scrolls
 i - 2 scrolls of immolation {unknown}
 k - a scroll of fog {unknown}
 q - 4 scrolls of teleportation {unknown}
 s - 2 scrolls of random uselessness {unknown}
 y - 4 scrolls of blinking {unknown}
 E - a scroll of magic mapping {unknown}
 G - 2 scrolls of remove curse
 I - a scroll of enchant weapon {unknown}
Potions
 e - a potion of lignification {!q}
 g - 4 potions of haste
 h - a potion of cancellation
 n - a potion of resistance
 t - a potion of agility
 w - a potion of mutation {!q}
 x - 2 potions of magic
 z - 3 potions of brilliance
 B - a potion of berserk rage {!q}
 F - a potion of heal wounds
 K - a potion of cure mutation {unknown}
Books
 b - a book of Changes
 d - a book of Clouds
   (You found it on level 8 of the Dungeon)
 A - an Akashic Record
   (You found it on level 5 of the Dungeon)
 C - a book of Flames
   (You found it on level 4 of the Dungeon)
Comestibles
 c - 6 bread rations {@e1}
 l - 3 meat rations {@e2}
 r - 4 beef jerkies


   Skills:
 + Level 5.5 Fighting
 + Level 4.7 Dodging
 * Level 7.6 Unarmed Combat
 - Level 2.0 Spellcasting
 * Level 7.7 Transmutations


You had 4 spell levels left.
You knew the following spells:

 Your Spells              Type           Power        Failure   Level  Hunger
a - Beastly Appendage     Trmt           ####..       1%          1    #......
s - Sticks to Snakes      Trmt           ####....     1%          2    ###....
x - Blade Hands           Trmt           ####......   24%         5    ######.


Dungeon Overview and Level Annotations

Branches:
Dungeon (9/15)             Temple (0/1) D:5
   Lair: D:8-11         Orc: D:9-12

Altars:
Ashenzari
Gozag
Kikubaaqudgha
Nemelex Xobeh
Okawaru
Ru
Vehumet
Zin

Annotations:
D:4 Uberwunderbarhen's ghost, amateur DsCK
D:7 Menkaure
D:8 herpmino's ghost, novice FoFi


Innate Abilities, Weirdness & Mutations

You can breathe wild blasts of lightning.
Your glossy black scales are hard (AC +7).
Your body does not fit into most forms of armour.
You are resistant to electric shocks.
You are cold-blooded and may be slowed by cold attacks.
You have a pair of horns on your head.


Message History

You climb downwards.
There is a stone staircase leading up here.
You take 12 damage, and have 51/74 hp.
You now have 9/12 mp.
You start resting.
You are feeling very hungry.
You regained 10 hp, and now have 61/74 hp.
MP restored: 12 A worker ant and a troll come into view.
The troll shouts!
Eat which item? (? for menu, Esc to quit)
You continue eating. x2
The worker ant bites you but does no damage.
You finish eating.
That royal jelly was delicious!
You create 2 snakes!
You now have 74 arrows.
The worker ant misses you.
You now have 10/12 mp.
Casting: Sticks to Snakes You create a snake!
You now have 73 arrows.
The worker ant barely misses you.
You now have 8/12 mp.
You hit the worker ant. The worker ant closely misses you.
Your water moccasin closely misses the worker ant.
The troll misses your water moccasin.
The troll barely misses your water moccasin.
The troll closely misses your water moccasin.
Your ball python misses the worker ant.
Your ball python closely misses the worker ant.
Your ball python bites the worker ant.
Your ball python barely misses the worker ant.
You barely miss the worker ant.
You punch the worker ant, but do no damage.
Your water moccasin bites the worker ant but does no damage.
The worker ant closely misses you.
The troll closely misses your water moccasin.
The troll misses your water moccasin.
The troll barely misses your water moccasin.
Your ball python bites the worker ant but does no damage.
Your ball python closely misses the worker ant.
Your ball python completely misses the worker ant.
Your ball python barely misses the worker ant.
You completely miss the worker ant.
Your tail-slap misses the worker ant.
Your water moccasin bites the worker ant!
The worker ant closely misses your water moccasin.
Your ball python misses the worker ant.
Your ball python barely misses the worker ant.
The troll completely misses your water moccasin.
The troll claws your water moccasin! x2
Your water moccasin dies!
Your ball python bites the worker ant.
Your ball python misses the worker ant.
You closely miss the worker ant. You tail-slap the worker ant.
The worker ant bites you but does no damage.
Your ball python closely misses the worker ant.
Your ball python grabs the worker ant.
Your ball python constricts the worker ant.
Your ball python bites the worker ant but does no damage.
You hit the worker ant.
You kill the worker ant!
An arrow appears from out of your range of vision.
The arrow hits your ball python. The arrow burns your ball python.
Your ball python dies!
The troll completely misses you. The troll closely misses you.
The troll closely misses you.
Casting: Sticks to Snakes You grow a pair of large bovine horns.
The troll bites you! The troll closely misses you. The troll misses you.
A centaur comes into view. It is wielding a shortbow of flaming.
You take 14 damage, and have 50/74 hp.
You now have 5/12 mp.
Unknown command.
You punch the troll!
Your ball python closely misses the troll.
The centaur shoots an arrow.
The arrow hits you. The arrow burns you.
You take 7 damage, and have 43/74 hp.
You hit the troll but do no damage.
You headbutt the troll, but do no damage.
Your punch misses the troll.
Your ball python bites the troll but does no damage.
The troll bites you but does no damage. The troll claws you!
The troll claws you!
The centaur shoots an arrow.
The arrow hits you!
* * * LOW HITPOINT WARNING * * *
The arrow burns you.
* * * LOW HITPOINT WARNING * * *
You take 28 damage, and have 15/74 hp.
MASSIVE DAMAGE!!
You now have 2/12 mp.
Your ball python barely misses the troll.
The troll bites your ball python!
Your ball python dies!
There is a stone staircase leading up here.
The troll bites you.
* * * LOW HITPOINT WARNING * * *
The troll claws you.
* * * LOW HITPOINT WARNING * * *
The troll claws you!
* * * LOW HITPOINT WARNING * * *
You climb upwards.
Level annotation: herpmino's ghost, novice FoFi Herpmino's ghost closely misses you.
Herpmino's ghost barely misses you.
There is a stone staircase leading down, spattered with blood here.
You take 11 damage, and have 4/74 hp.
You now have 0/12 mp.
Unknown command.
The troll misses you. The troll barely misses you. The troll claws you!
You die...

#...##'###.##.##.##
#...'>......#....#.
#...#.......#....#.
#..)#.......#....#.
#..<#.......#....##
#...#......#######
#...######## ..
#.@.##.....##..
#WT.##........
#...##.......
#....#.....#
#.>.##.....#
#./.##.....#
#..........#
#...##.....#


You could see a troll and herpmino's ghost.

Vanquished Creatures
  Eustachio (D:5)
  Duvessa (D:7)
  Purgy (D:4)
  The ghost of suvakkihuora the Caller, an amateur VSSu of Cheibriados (D:6)
  An ice beast (D:5)
  A black bear (D:7)
  2 ogres (D:5)
  2 sky beasts
  A phantom (D:5)
  A centaur (D:5)
  A big kobold (D:7)
  3 giant frogs (D:6)
  Blork the orc (D:6)
  7 scorpions
  A crimson imp (D:6)
  Crazy Yiuf (D:4)
  2 hounds
  2 jellies
  4 worker ants
  An orc wizard (D:4)
  An iguana (D:4)
  A hound skeleton (D:4)
  4 gnolls (D:2)
  10 adders
  A shadow imp (D:7)
  An ooze (D:1)
  2 adder zombies
  An adder skeleton (D:5)
  5 worms
  3 giant geckos
  13 orcs
  3 ball pythons
  17 bats
  10 giant cockroaches
  9 hobgoblins
  10 jackals
  13 kobolds
  A giant gecko zombie (D:8)
  4 giant newts
  8 goblins
  3 quokkas
  A quokka zombie (D:5)
  6 rats
162 creatures vanquished.

Vanquished Creatures (collateral kills)
  A hungry ghost (D:8)
  A worker ant (D:5)
2 creatures vanquished.

Grand Total: 164 creatures vanquished

Notes
Turn   | Place    | Note
--------------------------------------------------------------
     0 | D:1      | Raultor the Draconian Transmuter began the quest for the Orb.
     0 | D:1      | Reached XP level 1. HP: 16/16 MP: 3/3
   111 | D:1      | Reached XP level 2. HP: 12/23 MP: 5/5
   632 | D:1      | Reached skill level 2 in Dodging
  1081 | D:2      | Learned a level 2 spell: Sticks to Snakes
  1198 | D:2      | Reached XP level 3. HP: 9/28 MP: 2/6
  1202 | D:2      | HP: 7/28 [poisoned by an adder]
  1209 | D:2      | HP: 6/28 [poisoned by an adder]
  1217 | D:2      | HP: 5/28 [poisoned by an adder]
  1492 | D:2      | Found an opulent altar of Gozag.
  1667 | D:2      | Reached skill level 3 in Transmutations
  1667 | D:2      | Reached XP level 4. HP: 11/36 MP: 1/7
  1669 | D:2      | HP: 8/36 [gnoll/club (3)]
  1676 | D:2      | HP: 2/36 [gnoll (5)]
  2225 | D:2      | Reached skill level 2 in Fighting
  2458 | D:2      | Reached XP level 5. HP: 41/41 MP: 8/8
  2889 | D:3      | Found a shattered altar of Ashenzari.
  2922 | D:3      | Became a worshipper of Ashenzari the Shackled
  2962 | D:3      | Reached skill level 4 in Unarmed Combat
  3444 | D:3      | Reached skill level 4 in Transmutations
  3876 | D:4      | Reached XP level 6. HP: 14/50 MP: 2/9
  4118 | D:4      | HP: 12/50 [iguana (10)]
  4630 | D:4      | Noticed Uberwunderbarhen's ghost (amateur DsCK)
  4655 | D:4      | HP: 12/50 [poisoned by Uberwunderbarhen's ghost]
  4663 | D:4      | HP: 12/50 [poisoned by Uberwunderbarhen's ghost]
  4680 | D:4      | HP: 9/50 [Uberwunderbarhen's ghost (4)]
  5021 | D:4      | Noticed Purgy
  5042 | D:4      | Killed Purgy
  5042 | D:4      | Reached skill level 3 in Fighting
  5042 | D:4      | Reached skill level 3 in Dodging
  5276 | D:4      | Found a glowing silver altar of Zin.
  5280 | D:4      | Found a radiant altar of Vehumet.
  5283 | D:4      | Found a sparkling altar of Nemelex Xobeh.
  5326 | D:4      | Noticed Crazy Yiuf
  5343 | D:4      | Killed Crazy Yiuf
  5490 | D:5      | Entered Level 5 of the Dungeon
  5493 | D:5      | Found a staircase to the Ecumenical Temple.
  5550 | D:5      | Reached skill level 5 in Unarmed Combat
  5550 | D:5      | Your scales start taking on a glossy black colour.
  5550 | D:5      | Gained mutation: You are resistant to electric shocks. [Black Draconian growth]
  5550 | D:5      | Reached XP level 7. HP: 32/57 MP: 2/10
  5599 | D:5      | Reached skill level 5 in Transmutations
  5991 | D:5      | HP: 14/58 [ice beast (12)]
  5994 | D:5      | Reached skill level 4 in Fighting
  6251 | D:5      | Reached * piety under Ashenzari
  6307 | D:5      | Reached skill level 6 in Unarmed Combat
  6307 | D:5      | Reached XP level 8. HP: 36/66 MP: 5/11
  6430 | D:5      | Learned a level 5 spell: Blade Hands
  6456 | D:5      | Noticed Eustachio
  6530 | D:5      | Killed Eustachio
  6530 | D:5      | Reached skill level 4 in Dodging
  6530 | D:5      | Reached skill level 6 in Transmutations
  6627 | D:5      | Found a sacrificial altar of Ru.
  7376 | D:6      | Noticed Blork the orc
  7437 | D:6      | Noticed suvakkihuora's ghost (amateur VSSu)
  7446 | D:6      | Killed suvakkihuora's ghost
  7578 | D:6      | Reached skill level 5 in Fighting
  7578 | D:6      | Reached skill level 7 in Unarmed Combat
  7578 | D:6      | Reached skill level 7 in Transmutations
  7655 | D:6      | Found an iron altar of Okawaru.
  8080 | D:6      | Killed Blork the orc
  8194 | D:7      | Found a radiant altar of Vehumet.
  8210 | D:7      | Reached XP level 9. HP: 68/74 MP: 10/12
  8380 | D:7      | Noticed Duvessa
  8475 | D:7      | Killed Duvessa
  8677 | D:7      | Noticed Menkaure
  9104 | D:8      | Reached ** piety under Ashenzari
  9106 | D:8      | Noticed herpmino's ghost (novice FoFi)
  9136 | D:8      | HP: 11/74 [herpmino's ghost (11)]
  9422 | D:7      | Found an ancient bone altar of Kikubaaqudgha.
  9508 | D:9      | HP: 17/74 [centaur/arrow (8)]
  9511 | D:9      | HP: 3/74 [troll (6)]
  9516 | D:8      | Mangled by a troll

Vault maps used:
D:1:      dpeg_arrival_chase
D:2:      nicolae_gozag_cash_rules_everything_around_me
D:3:      nicolae_overflow_hidden_temple, overflow_temple_1_default,
          minmay_surrounded
D:4:      minmay_overflow_temple_star_quad, first_bread, uniq_purgy,
          uniq_crazy_yiuf_cottage
D:5:      old_forge, lemuel_round_altar, minmay_temple_entry_junction,
          uniq_eustachio
D:6:      kennysheep_mini, uniq_blork_the_orc
D:7:      lemuel_upstairs_altar, basic_altar, uniq_menkaure, uniq_duvessa
D:9:      grunt_temple_overflow_holy_war, hangedman_pestilent_swarm,
          eino_tiny_chamber, nicolae_wand_duel

Action                   |  1- 3 |  4- 6 |  7- 9 || total
-------------------------+-------+-------+-------++-------
Melee: Unarmed           |   136 |   290 |   312 ||   738
 Cast: Beastly Appendage |     5 |    16 |    13 ||    34
       Sticks to Snakes  |       |    10 |    24 ||    34
 Abil: Breathe Lightning |       |       |     1 ||     1
  Use: Scroll            |       |     1 |     9 ||    10
 Stab: Sleeping          |     1 |     3 |     1 ||     5
       Distracted        |       |     2 |     3 ||     5
  Eat: Chunk             |     2 |    14 |    12 ||    28
       Royal jelly       |       |       |     1 ||     1
       Beef jerky        |       |       |     1 ||     1

Vault maps used:
D:1:      dpeg_arrival_chase
D:2:      nicolae_gozag_cash_rules_everything_around_me
D:3:      nicolae_overflow_hidden_temple, overflow_temple_1_default,
          minmay_surrounded
D:4:      minmay_overflow_temple_star_quad, first_bread, uniq_purgy,
          uniq_crazy_yiuf_cottage
D:5:      old_forge, lemuel_round_altar, minmay_temple_entry_junction,
          uniq_eustachio
D:6:      kennysheep_mini, uniq_blork_the_orc
D:7:      lemuel_upstairs_altar, basic_altar, uniq_menkaure, uniq_duvessa
D:9:      grunt_temple_overflow_holy_war, hangedman_pestilent_swarm,
          eino_tiny_chamber, nicolae_wand_duel

Table legend:
 A = Turns spent in this place as a percentage of turns spent in the entire game.
 B = Non-inter-level travel turns spent in this place as a percentage of non-inter-level travel turns spent in the entire game.
 C = Inter-level travel turns spent in this place as a percentage of turns spent in this place.
 D = Turns resting spent in this place as a percentage of non-inter-level travel turns spent in this place.
 E = Turns spent auto-exploring this place as a percentage of non-inter-level travel turns spent in this place.
 F = Non-inter-level travel turns spent in this place divided by the number of levels of this place that you've seen.
                   A       B       C       D       E      F
               +-------+-------+-------+-------+-------+----------------------
         Total | 100.0 | 100.0 |   0.5 |   3.5 |   9.0 | 252.1
       Dungeon | 100.0 | 100.0 |   0.5 |   3.5 |   9.0 | 252.1
               +-------+-------+-------+-------+-------+----------------------

Table legend:
 A = Kills in this place as a percentage of kills in entire the game.
 B = Kills by you in this place as a percentage of kills by you in the entire game.
 C = Kills by friends in this place as a percentage of kills by friends in the entire game.
 D = Other kills in this place as a percentage of other kills in the entire game.
 E = Experience gained in this place as a percentage of experience gained in the entire game.
 F = Experience gained in this place divided by the number of levels of this place that you have seen.
                   A       B       C       D       E      F
               +-------+-------+-------+-------+-------+----------------------
         Total | 100.0 | 100.0 | 100.0 |  -nan | 100.0 | 376.8
       Dungeon | 100.0 | 100.0 | 100.0 |  -nan | 100.0 | 376.8
               +-------+-------+-------+-------+-------+----------------------
